AoeStats
← BMWwilliams5509

Arabia

510420429Analyzed
1v1 RM · 17h ago on Sep 30, 2026· 54m 38s· 2 players
Game mode
Random Map
Map size
Tiny (2 player)
Population
200
Speed
Normal
Resources
Standard
Victory
Conquest
Starting age
Dark Age
Ending age
Imperial Age
RankedLock teamsTeams togetherTeam positionsShared explorationLock speedFull tech treeHidden civsTurbo modeCheats
Victory
Defeat
🇹🇷 Magyars · Türkiye
1034
+15
🇧🇷 Romans · Brazil
1008
-15
viktor_uebelhart
6:22 Loom
6:56 Loom
9:54 Feudal Age
10:34 Man-at-Arms
11:37 Scale Mail Armor
18:02 Double-Bit Axe
23:36 Castle Age
25:22 Chain Mail Armor
25:40 Bow Saw
25:12 Horse Collar
25:24 Gold Mining
26:09 Long Swordsman
28:40 Forging
28:51 Heavy Plow
30:26 Wheelbarrow
29:36 Town Watch
30:12 Squires
35:56 Iron Casting
40:01 Hand Cart
43:19 Imperial Age
40:54 Town Patrol
44:38 Legionary
48:27 Blast Furnace
BMWwilliams5509
7:31 Loom
9:58 Feudal Age
11:10 Double-Bit Axe
17:52 Gold Mining
18:50 Horse Collar
22:56 Castle Age
22:00 Bloodlines
21:58 Scale Barding Armor
24:37 Gold Shaft Mining
26:46 Fletching
38:37 Chain Barding Armor
39:32 Wheelbarrow
42:59 Imperial Age
40:46 Hand Cart
41:17 Stone Mining
41:30 Heavy Plow
41:45 Bow Saw
42:48 Ballistics
42:24 Murder Holes
43:40 Corvinian Army
44:05 Conscription
43:53 Husbandry
44:33 Plate Barding Armor
43:54 Elite Skirmisher
45:59 Chemistry
45:22 Crossbowman
46:24 Arbalester
53:20 Bodkin Arrow
53:26 Padded Archer Armor
53:55 Elite Magyar Huszar
Connection lost

Rejoining the realm…

Still unreachable

The connection could not be restored.

Session expired

The server has moved on; the page needs a fresh start.